 Dungeon Crawl Stone Soup version 0.26-a0-812-g31a745ddcd (webtiles) character file.

Game seed: 3455363242733097349

8 Dracia the Grave Robber (level 2, -1/19 HPs)
             Began as a Demonspawn Necromancer on Dec 4, 2020.
             Slain by a gnoll
             ... wielding a +0 spear
              (4 damage)
             ... on level 2 of the Dungeon.
             The game lasted 00:01:24 (310 turns).

Dracia the Grave Robber (Demonspawn Necromancer)     Turns: 310, Time: 00:01:24

Health: -1/19      AC:  2    Str:  8    XL:     2   Next: 0%
Magic:  5/5        EV: 12    Int: 16    God:
Gold:   0          SH:  0    Dex: 13    Spells: 3/5 levels left

rFire    . . .     SeeInvis .   (no weapon)
rCold    . . .     Faith    .   (no shield)
rNeg     . . .     Spirit   .   a - +0 robe
rPois    .         Reflect  .   (no helmet)
rElec    .         Harm     .   (no cloak)
rCorr    .         Rampage  .   (no gloves)
MR       .....                  (no boots)
Stlth    ++........             (no amulet)
HPRegen  0.06/turn              (no ring)
MPRegen  0.09/turn              (no ring)

@: no status effects
A: claws 1
a: no special abilities


You were on level 2 of the Dungeon.
You visited 1 branch of the dungeon, and saw 2 of its levels.


Innate Abilities, Weirdness & Mutations

You have sharp fingernails.


   Skills:
 - Level 1.7 Dodging
 - Level 1.7 Stealth
 * Level 0.0 Unarmed Combat
 + Level 2.3 Spellcasting
 + Level 4.6 Necromancy


You had 3 spell levels left.
You knew the following spells:

 Your Spells              Type           Power        Failure   Level
s - Animate Skeleton      Necr           ###...       3%          1
z - Pain                  Necr           ###.         3%          1

Your spell library contained the following spells:

 Spells                   Type           Power        Failure   Level
 Vampiric Draining        Necr           ###.......   9%          3
 Animate Dead             Necr           ###.......   28%         4
 Agony                    Necr           ###.....     63%         5

Inventory:

Armour
 a - a +0 robe (worn)
Scrolls
 c - a scroll of amnesia {unknown}
Potions
 b - a potion of haste {unknown}
 d - a potion of might {unknown}
 e - a potion of magic {unknown}

Dungeon Overview and Level Annotations

Branches:
Dungeon (1/15)

Altars:

..............#
.........######
........).....###
#######.#...?...# #
#######g#.......# #.
#.......#.......#
#.###.#######.########
#.....#..........w....
###gg@#.#.###.........
#...#............$.$
#.gS########.......?
#...# #........ #...#
#####........ #...#
#............. #...#
#..........#.. #...#
#..........#.. #...#
#..........#..


You could see 3 gnolls and a ball python.


Message History

You escape the ball python's grasp.
The ball python closely misses you. x2
You see here 20 stones.
The ball python closely misses you. x2
The ball python completely misses you. The ball python grabs you.
The ball python constricts you.
You escape the ball python's grasp.
The ball python bites you but does no damage.
The ball python closely misses you. The ball python misses you.
The ball python grabs you. The ball python constricts you.
You escape the ball python's grasp.
The ball python bites you but does no damage.
The ball python completely misses you.
The ball python bites you but does no damage.
The ball python barely misses you. The ball python closely misses you.
The ball python grabs you. The ball python constricts you.
You escape the ball python's grasp.
The gnoll misses you.
Unknown command.
The gnoll hits you from afar with a +0 spear!
* * * LOW HITPOINT WARNING * * *
The gnoll misses you.
The gnoll hits you from afar with a +0 spear.
* * * LOW HITPOINT WARNING * * *
The ball python misses you. The ball python barely misses you.
The gnoll closely misses you.
Unknown command.
The gnoll hits you from afar with a +0 spear.
You die...

Action                   || total
-------------------------++-------
 Cast: Pain              ||    12
Armor: Robe              ||     4
Dodge: Dodged            ||    18

Levels and vault maps discovered:
D:1:      minmay_arrival_four_loops, layout_loops_ring
D:2:      layout_basic

Notes
Turn   | Place    | Note
-------+----------+-------------------------------------------
     0 | D:1      | Dracia the Demonspawn Necromancer began the quest for the
                  | Orb.
     0 | D:1      | Reached XP level 1. HP: 13/13 MP: 3/3
   132 | D:1      | You fall into a shaft and drop 1 floor!
   192 | D:2      | Learned a level 1 spell: Animate Skeleton
   206 | D:2      | Gained mutation: You have sharp fingernails. [demonic
                  | ancestry]
   206 | D:2      | Reached XP level 2. HP: 14/19 MP: 0/5
   310 | D:2      | Slain by a gnoll

Vanquished Creatures
  A bat (D:2)
  3 goblins
  A hobgoblin (D:2)
  2 rats (D:1)
7 creatures vanquished.

Table legend: (Time is in decaauts)
 A = Elapsed time spent in this place.
 B = Non-inter-level travel time spent in this place.
 C = Inter-level travel time spent in this place.
 D = Time resting spent in this place.
 E = Time spent auto-exploring this place.
 F = Levels seen in this place.
 G = Mean time per level.
                   A        B        C        D        E       F      G
               +--------+--------+--------+--------+--------+-----+--------+
         Total |    309 |    309 |      0 |     25 |    114 |   2 |  154.5 |
       Dungeon |    309 |    309 |      0 |     25 |    114 |   2 |  154.5 |
               +--------+--------+--------+--------+--------+-----+--------+

Top non-repeatable levels by time:
     D:2: 177 daAuts
     D:1: 132 daAuts

Table legend:
 A = Non-vault XP
 B = Vault XP
 C = Vault XP percentage of total XP
 D = Non-vault monster count
 E = Vault monster count
 F = Vault count percentage of total count
                 A         B        C        D         E       F
            +---------+---------+-------+---------+---------+-------
      Total |      12 |       0 |   0.0 |       7 |       0 |   0.0
            +---------+---------+-------+---------+---------+-------
        D:1 |       4 |       0 |   0.0 |       3 |       0 |   0.0
        D:2 |       8 |       0 |   0.0 |       4 |       0 |   0.0
            +---------+---------+-------+---------+---------+-------
